 Dungeon Crawl Stone Soup version 0.29-a0-1016-g236c7fd91e (webtiles) character file.

Game seed: 3749606510777574966

623 Sobieck the Trooper (level 7, -1/117 HPs)
             Began as an Ogre Berserker on Aug 9, 2022.
             Was a Believer of Trog.
             Succumbed to Duvessa's poison
             ... on level 4 of the Dungeon.
             The game lasted 00:09:13 (4171 turns).

Sobieck the Trooper (Ogre Berserker)                Turns: 4171, Time: 00:09:13

Health: -1/117     AC: 11    Str: 24    XL:     7   Next: 46%
Magic:  7/7        EV: 10    Int:  8    God:    Trog [**....]
Gold:   159        SH:  0    Dex:  8    Spells: 6/6 levels left

rFire   . . .      SeeInvis .   t - +4 flail (protect) {mace}
rCold   . . .      Faith    .   (no shield)
rNeg    . . .      Spirit   .   b - +1 animal skin
rPois   .          Reflect  .   (helmet restricted)
rElec   .          Harm     .   (no cloak)
rCorr   .          Rampage  .   (gloves unavailable)
Will    ++...                   (boots unavailable)
Stlth   ..........              o - amulet of regeneration {@e2}
HPRegen 2.09/turn               (no ring)
MPRegen 0.10/turn               (no ring)

@: berserking, lethally poisoned (-1 -> -15), strong-willed (expiring), under a
protective aura, regenerating (expiring), very quick
A: large, unfitting armour, tough skin 1
a: Renounce Religion, Berserk, Trog's Hand


You were on level 4 of the Dungeon.
You worshipped Trog.
Trog was pleased with you.
You visited 1 branch of the dungeon, and saw 4 of its levels.

You collected 159 gold pieces.


Innate Abilities, Weirdness & Mutations

You are too large for most types of armour.
You have tough skin. (AC +1)


   Skills:
 + Level 7.1 Fighting
 * Level 6.5 Maces & Flails
 - Level 2.6 Dodging


You had 6 spell levels left.
You didn't know any spells.
Your spell library contained the following spells:

 Spells                   Type           Power      Damage    Failure   Level
 Beastly Appendage        Tmut           0%         N/A       41%         1
 Wereblood                Tmut           0%         N/A       54%         2
 Spider Form              Tmut/Pois      0%         N/A       78%         3

Inventory:

Hand Weapons
 a - a +0 morningstar {mace}
   (You took it off a wight on level 3 of the Dungeon)
 c - a +2 short sword of holy wrath {short}
   (You took it off a kobold on level 1 of the Dungeon)
 k - a +0 vampiric war axe {axe}
   (You found it on level 2 of the Dungeon)
 l - a +0 mace {mace}
 s - a +0 vorpal falchion {long}
   (You took it off an orc on level 3 of the Dungeon)
 t - a +4 flail of protection (weapon) {mace}
   (You took it off an orc on level 3 of the Dungeon)
 x - a +0 flail {mace}
   (You took it off Terence on level 2 of the Dungeon)
Missiles
 f - 31 stones (quivered) {throwing}
 q - 4 javelins {throwing}
Armour
 b - a +1 animal skin (worn)
 m - a +0 robe
   (You took it off an orc wizard on level 2 of the Dungeon)
 n - a +0 robe
   (You took it off a wight on level 2 of the Dungeon)
 r - a +0 robe
   (You took it off an orc wizard on level 3 of the Dungeon)
 u - a +0 robe of willpower
   (You took it off a wight on level 3 of the Dungeon)
 v - a +0 robe
   (You took it off a wight on level 3 of the Dungeon)
 w - a +0 robe
   (You took it off a wight on level 3 of the Dungeon)
 z - a +0 robe
   (You found it on level 3 of the Dungeon)
Jewellery
 o - an amulet of regeneration (around neck) {@e2}
   (You found it on level 3 of the Dungeon)
Scrolls
 p - a scroll of teleportation {@r4}
 y - a scroll of enchant weapon {unknown}
Potions
 d - a potion of berserk rage {unknown}
 e - a potion of resistance
 g - a potion of haste {@q3}
 h - 2 potions of degeneration {unknown}
 i - a potion of curing {@q1}
 j - a potion of lignification {unknown}
 A - a potion of heal wounds {unknown}
 B - a potion of might {unknown}

Dungeon Overview and Level Annotations

Branches:
Dungeon (4/15) Zot: 19628
 Temple: D:4-7

Altars:

Annotations:
D:4 1 transporter, Dowan, Sigmund

### ## ##.####.## ###........#
.#)........# #####
)<[#...#...###...###
..)#...##.##.......#
####..##.........###
.....###.......#..###
..............##@...#
......†....#####)5.##
..#..#...#...###K.{##
..#..#...##...##....### ###
..........##........e.## #.######
.................##....###.##...#
....###...........###...#...)....
....###.........#.##.............
).................#.....#....####


You could see Dowan (fast), an ufetubus and a kobold.


Message History

The ufetubus hits you but does no damage.
The ufetubus barely misses you. x2; The ufetubus hits you.
The ufetubus attacks as you move away! The ufetubus closely misses you.
The ufetubus hits you but does no damage.
The ufetubus hits you. x2
The ufetubus attacks as you move away! The ufetubus hits you.
The ufetubus barely misses you. The ufetubus attacks as you move away!
The ufetubus hits you. The ufetubus closely misses you.
Sigmund mumbles some strange words.
Sigmund flickers and vanishes!
Deactivating autopickup; reactivate with Ctrl-A.
The ufetubus misses you.
The ufetubus hits you but does no damage.
Dowan smirks and points a slender finger.
The ufetubus closely misses you. The ufetubus barely misses you.
Dowan casts a spell.
Dowan blinks!
The ufetubus hits you. The ufetubus closely misses you.
The ufetubus attacks as you move away! The ufetubus barely misses you.
The ufetubus hits you but does no damage.
Duvessa attacks as you move away!
Duvessa hits you with a +2 rapier of venom.
Duvessa attacks as you move away!
Duvessa hits you with a +2 rapier of venom.
You are poisoned.
You feel very sick. The ufetubus barely misses you.
The ufetubus hits you but does no damage.
Duvessa hits you with a +2 rapier of venom!
You are more poisoned.
You feel very sick.
You feel very sick. The ufetubus barely misses you. The ufetubus hits you.
You feel very sick.
Unknown command.
Unknown command.
Unknown command.
The ufetubus attacks as you move away! The ufetubus barely misses you.
The ufetubus hits you but does no damage.
You feel very sick. The ufetubus closely misses you. The ufetubus misses you.
Unknown command.
The ufetubus attacks as you move away! The ufetubus barely misses you.
The ufetubus hits you.
You feel sick.
You feel sick. The ufetubus hits you.
* * * LOW HITPOINT WARNING * * *
The ufetubus hits you but does no damage.
You feel sick. The ufetubus attacks as you move away!
The ufetubus hits you but does no damage. x2
You feel sick. The ufetubus closely misses you. The ufetubus barely misses you.
Unknown command.
Your skin crawls.
You feel strong-willed.
You feel sick. The ufetubus closely misses you. The ufetubus misses you.
Duvessa barely misses you.
A red film seems to cover your vision as you go berserk!
You feel yourself moving faster!
You feel mighty!
You feel sick.
Duvessa hits you with a +2 rapier of venom!
* * * LOW HITPOINT WARNING * * *
You are more poisoned.
The ufetubus hits you.
* * * LOW HITPOINT WARNING * * *
The ufetubus hits you.
* * * LOW HITPOINT WARNING * * *
The ufetubus hits you but does no damage.
The ufetubus completely misses you.
Duvessa hits you with a +2 rapier of venom.
* * * LOW HITPOINT WARNING * * *
You are more poisoned.
You barely miss Duvessa.
You feel very sick. The ufetubus barely misses you.
The ufetubus hits you but does no damage.
Duvessa hits you with a +2 rapier of venom.
* * * LOW HITPOINT WARNING * * *
You are more poisoned.
You closely miss Duvessa.
You feel the effects of Trog's Hand fading.
You feel very sick. The ufetubus barely misses you.
The ufetubus hits you but does no damage.
Duvessa hits you with a +2 rapier of venom!
* * * LOW HITPOINT WARNING * * *
You sock Duvessa!
Your weapon exudes an aura of protection.
You punch Duvessa!
* * * LOW HITPOINT WARNING * * *
You feel very sick.
Duvessa hits you with a +2 rapier of venom!
* * * LOW HITPOINT WARNING * * *
You are more poisoned.
The ufetubus hits you but does no damage. x2
Something hits you but does no damage.
You bludgeon Duvessa!!
You kill Duvessa!
Trog accepts your kill.
Dowan screams, "No!
No!"
Dowan seems to find hidden reserves of power!
You die...

Skill      XL: |  1  2  3  4  5  6  7 |
---------------+----------------------+-----
Maces & Flails | 3 4 5 6 |  6.5
Fighting       | 5 6 7 |  7.1
Dodging        | |  2.6

Action                   |  1- 3 |  4- 6 |  7- 9 || total
-------------------------+-------+-------+-------++-------
Melee: Mace              |   120 |    59 |       ||   179
       Punch             |     1 |       |     1 ||     2
       Flail             |       |    80 |    23 ||   103
       Morningstar       |       |       |    72 ||    72
Throw: Stone             |     5 |       |       ||     5
Invok: Berserk           |     3 |     6 |     3 ||    12
       Trog's Hand       |       |       |     1 ||     1
  Use: Scroll            |     2 |     3 |     2 ||     7
 Stab: Sleeping          |       |     1 |     1 ||     2
Armor: Animal skin       |    47 |    32 |    53 ||   132
Dodge: Dodged            |    78 |    73 |    86 ||   237

Levels and vault maps discovered:
D:1:      elethiomel_arrival_quiet, layout_basic, minmay_pentomino_r2
D:2:      layout_loops_ring, chequers_jeans, uniq_natasha, uniq_terence
D:3:      layout_loops_ring, chequers_mini_garden, kennysheep_generic_room_8
D:4:      gammafunk_steamed_eel, layout_cave_pools, minmay_ruptured,
          uniq_duvessa, uniq_pikel, uniq_sigmund

Notes
Turn   | Place    | Note
-------+----------+-------------------------------------------
     0 | D:1      | Sobieck the Ogre Berserker began the quest for the Orb.
     0 | D:1      | Reached XP level 1. HP: 24/24 MP: 1/1
    83 | D:1      | Reached skill level 3 in Maces & Flails
   238 | D:1      | Reached XP level 2. HP: 32/32 MP: 2/2
   726 | D:1      | Reached XP level 3. HP: 40/40 MP: 3/3
   823 | D:1      | You pick up a book of Changes {forbidden} and begin
                  | reading...
   823 | D:1      | You add the spells Beastly Appendage, Wereblood and Spider
                  | Form to your library.
  1545 | D:2      | Noticed Natasha
  1549 | D:2      | Killed Natasha
  1550 | D:2      | Reached skill level 4 in Maces & Flails
  1550 | D:2      | Reached XP level 4. HP: 49/49 MP: 4/4
  1604 | D:2      | Reached ** piety under Trog
  1605 | D:2      | Reached skill level 5 in Fighting
  2071 | D:2      | Noticed Natasha
  2082 | D:2      | Killed Natasha
  2083 | D:2      | Reached XP level 5. HP: 28/57 MP: 5/5
  2454 | D:2      | Noticed Terence
  2470 | D:2      | Killed Terence
  2947 | D:2      | Reached skill level 5 in Maces & Flails
  2947 | D:2      | Reached XP level 6. HP: 67/67 MP: 6/6
  3100 | D:3      | Reached skill level 6 in Fighting
  3346 | D:3      | Reached skill level 6 in Maces & Flails
  3346 | D:3      | Reached XP level 7. HP: 43/76 MP: 7/7
  3926 | D:4      | Reached skill level 7 in Fighting
  4003 | D:4      | Found a transporter.
  4130 | D:4      | Noticed Duvessa
  4130 | D:4      | Identified a +2 robe of the Archmagi
  4130 | D:4      | Noticed Dowan
  4135 | D:4      | Noticed Sigmund
  4169 | D:4      | HP: 15/117 [Duvessa/+2 rapier of venom (16)]
  4170 | D:4      | HP: 3/117 [Duvessa/+2 rapier of venom (8)]
  4171 | D:4      | Killed Duvessa
  4171 | D:4      | Succumbed to Duvessa's poison

Vanquished Creatures
  Duvessa (D:4)
  4 wights
  3 orc priests
  Terence (D:2)
  An iguana (D:3)
  Natasha (twice) (D:2)
  2 orc wizards
  7 adders
  A worm (D:3)
  3 dart slugs
  13 orcs
  7 bats
  4 endoplasms
  7 giant cockroaches
  5 goblins
  3 hobgoblins (D:1)
  7 jackals (D:1)
  6 kobolds
  4 quokkas
  5 ball pythons
  4 frilled lizards
  6 rats
96 creatures vanquished.

Table legend:
 A = Non-vault XP
 B = Vault XP
 C = Vault XP percentage of total XP
 D = Non-vault monster count
 E = Vault monster count
 F = Vault count percentage of total count
                 A         B        C        D         E       F
            +---------+---------+-------+---------+---------+-------
      Total |     800 |     244 |  23.4 |      88 |       8 |   8.3
            +---------+---------+-------+---------+---------+-------
        D:1 |      49 |       2 |   3.9 |      28 |       2 |   6.7
        D:2 |     213 |      71 |  25.0 |      22 |       2 |   8.3
        D:3 |     458 |      14 |   3.0 |      31 |       1 |   3.1
        D:4 |      80 |     157 |  66.2 |       7 |       3 |  30.0
            +---------+---------+-------+---------+---------+-------

Illustrated notes

Table legend:
 A = Kills in this place as a percentage of kills in entire the game.
 B = Kills by you in this place as a percentage of kills by you in the entire game.
 C = Kills by friends in this place as a percentage of kills by friends in the entire game.
 D = Other kills in this place as a percentage of other kills in the entire game.
 E = Experience gained in this place as a percentage of experience gained in the entire game.
 F = Experience gained in this place divided by the number of levels of this place that you have seen.
                   A       B       C       D       E      F
               +-------+-------+-------+-------+-------+----------------------
         Total | 100.0 | 100.0 |   N/A |   N/A | 100.0 | 261.0
       Dungeon | 100.0 | 100.0 |   N/A |   N/A | 100.0 | 261.0
               +-------+-------+-------+-------+-------+----------------------

Table legend: (Time is in decaauts)
 A = Elapsed time spent in this place.
 B = Non-inter-level travel time spent in this place.
 C = Inter-level travel time spent in this place.
 D = Time resting spent in this place.
 E = Time spent auto-exploring this place.
 F = Levels seen in this place.
 G = Mean time per level.
                   A        B        C        D        E       F      G
               +--------+--------+--------+--------+--------+-----+--------+
         Total |   4371 |   4273 |     98 |   1040 |   2358 |   4 | 1092.8 |
       Dungeon |   4371 |   4273 |     98 |   1040 |   2358 |   4 | 1092.8 |
               +--------+--------+--------+--------+--------+-----+--------+

Top non-repeatable levels by time:
     D:2: 1721 daAuts
     D:1: 1321 daAuts
     D:3: 1048 daAuts
     D:4: 280 daAuts
